 Dungeon Crawl Stone Soup version 0.20-a0-738-gb057e68 (webtiles) character file.

34332 slumpy the Thaumaturge (level 13, -2/90 HPs)
             Began as an Octopode Ice Elementalist on Feb 23, 2017.
             Was the Champion of Cheibriados.
             Slain by a komodo dragon (28 damage)
             ... on level 6 of the Lair of Beasts.
             The game lasted 01:57:37 (16208 turns).

slumpy the Thaumaturge (Octopode Ice Elementalist) Turns: 16208, Time: 01:57:39

Health: -2/90      AC:  6    Str: 24    XL:     13   Next: 76%
Magic:  21/29      EV: 32    Int: 34    God:    Cheibriados [******]
Gold:   1258       SH:  0    Dex: 37    Spells: 16/37 levels left

rFire    . . .     SeeInvis .   a - staff of cold
rCold    + . .     Gourm    .   (no shield)
rNeg     . . .     Faith    .   j - +2 hat
rPois    .         Spirit   .   A - amulet of regeneration
rElec    .         Reflect  .   L - +6 ring of dexterity
rCorr    .         Harm     .   s - +4 ring of evasion
MR       .....     Clarity  +   I - +3 ring of protection
Stlth    ++++++....             (no ring)
Regen    0.7/turn               (no ring)
MPRegen  0.3/turn               (no ring)
                                (no ring)
                                (no ring)

@: very slow
A: almost no armour, stealthy swim, amphibious, 8 rings, constrict 8, repulsion
field 1, camouflage 1, agile 1, clarity, gelatinous body 1
a: Bend Time, Temporal Distortion, Slouch, Step From Time, Renounce Religion


You were on level 6 of the Lair of Beasts.
You worshipped Cheibriados.
Cheibriados was exalted by your worship.
You were very hungry.

You visited 4 branches of the dungeon, and saw 19 of its levels.
You also visited: Labyrinth, Ossuary and Ice Cave.

You collected 1258 gold pieces.

Inventory:

Hand Weapons
 b - a +0 blowgun
 q - a +1 broad axe of chopping
 t - a +0 whip of electrocution
 v - a +5 dagger
 x - a +3 vampiric dagger
 D - a +0 mace of protection
 R - a +2 mace of venom
 Y - a +4 dagger of venom
Missiles
 z - 30 poisoned needles
 K - 11 javelins (quivered)
 V - a throwing net
Armour
 j - a +2 hat (worn)
 H - a +0 shield of cold resistance
Magical Staves
 a - an uncursed staff of cold (weapon)
 X - an uncursed staff of poison
Jewellery
 s - a +4 ring of evasion (right tentacle)
 A - an amulet of regeneration (around mantle)
 B - an uncursed ring of fire
 I - a +3 ring of protection (on tentacle)
 L - a +6 ring of dexterity (left tentacle)
Wands
 n - a wand of iceblast (10/15)
 w - a wand of digging (19/24)
 S - a wand of acid (9/15)
 U - a wand of confusion (40/48)
 Z - a wand of paralysis (7/24)
Scrolls
 d - a scroll of identify
 f - 4 scrolls of enchant armour
 g - 2 scrolls of amnesia
 k - 3 scrolls of enchant weapon
 l - 3 scrolls of recharging
 m - 9 scrolls of remove curse
 r - a scroll of fear
 C - a scroll of torment {unknown}
 M - 5 scrolls of fog
 N - a scroll of summoning {unknown}
 P - 3 scrolls of teleportation
 T - a scroll of silence
 W - 3 scrolls of blinking
Potions
 c - 6 potions of agility
 e - 3 potions of might
 i - 2 potions of cancellation
 o - 3 potions of heal wounds
 p - a potion of ambrosia
 u - a potion of magic
 E - a potion of invisibility
 F - a potion of brilliance
 G - 6 potions of flight
 O - 6 potions of curing
 Q - 6 potions of resistance
Miscellaneous
 J - a lightning rod (inert)
Comestibles
 h - 12 fruits
 y - 5 bread rations


   Skills:
 * Level 9.3 Fighting
 - Level 0.2 Short Blades
 * Level 7.5 Staves
 - Level 0.2 Throwing
 + Level 9.7 Dodging
 - Level 7.7 Stealth
 + Level 1.8 Shields
 + Level 12.7 Spellcasting
 - Level 1.0 Conjurations
 - Level 4.2 Summonings
 + Level 6.3 Ice Magic
 - Level 3.6 Air Magic
 * Level 8.8 Invocations


You had 16 spell levels left.
You knew the following spells:

 Your Spells              Type           Power        Failure   Level  Hunger
a - Throw Frost           Conj/Ice       ######       1%          2    None
b - Summon Ice Beast      Ice/Summ       ######..     2%          4    None
c - Throw Icicle          Conj/Ice       ######..     6%          4    None
d - Airstrike             Air            #####.....   6%          4    None
e - Mephitic Cloud        Conj/Pois/Air  ####....     3%          3    None
q - Freeze                Ice            ####         1%          1    None
x - Ozocubu's Armour      Chrm/Ice       ######..     1%          3    None


Dungeon Overview and Level Annotations

Branches:
Dungeon (10/15)            Temple (0/1) D:6            Lair (6/6) D:9
  Swamp (0/4) Lair:2       Spider (0/4) Lair:4        Slime (1/5) Lair:5
    Orc (2/2) D:10
    Elf: Orc:2

Altars:
Cheibriados
Dithmenos
Fedhas
Gozag
Okawaru
Qazlal
Sif Muna
Trog
Vehumet
Zin

Annotations:
Lair:6 kidcy's ghost, journeyman FoFi
Orc:2 nht's ghost, journeyman TrFi


Innate Abilities, Weirdness & Mutations

You cannot wear most types of armour.
You are very stealthy in the water. (Stealth+)
You are amphibious.
You can wear up to eight rings at the same time.
You can use your tentacles to constrict eight enemies at once.
Your skin changes colour to match your surroundings (Stealth+).
Your rubbery body absorbs attacks. (AC +1, EV +1)
You are surrounded by a mild repulsion field. (EV +2)
You are agile. (Dex +2)
You possess an exceptional clarity of mind.


Message History

The komodo dragon completely misses you.
There is an empty arch of ancient stone, spattered with blood here.
The blink frog completely misses you.
The blink frog blinks! x2
The blink frog completely misses you. The blink frog barely misses you.
The blink frog completely misses you. x2; The blink frog barely misses you.
The komodo dragon completely misses you.
You can feel time thicken for a moment.
You kill the blink frog!
Cheibriados appreciates the change of pace.
You kill the blink frog!
Cheibriados thoroughly appreciates the change of pace.
You kill the blink frog!
Cheibriados thoroughly appreciates the change of pace.
You kill the blink frog!
Cheibriados appreciates the change of pace.
You feel somewhat more hungry. The tyrant leech bites you!!
* * * LOW HITPOINT WARNING * * *
The tyrant leech draws strength from your injuries!
The komodo dragon bites you!!
You die...

,,** #......#### ,,.####.#...#
,,..........# ,,.....##..## *****
,,........############# *,*,,
,,.P...PP÷.....#.PP/..### **,,,
,,.P................P...# ***,<,,
,,P..[#........w†.......#**,*,,,,
,,.#.###...##%÷l@†..?....#,***,,,
,**##..P...#.#÷†#≈........,***,,,
,**#.#...P......≈≈.####...,*,,,,,
,*,#.......[≈..P...≈P,**##,,,,,,,
,*....#.P.≈P...≈≈≈≈≈≈≈*,,,,,,,,,,
**....#P..P†≈≈≈≈≈≈≈PP##≈≈≈≈,,,,,,
,,P..,#.≈.≈≈≈≈≈≈≈≈≈≈##*≈,,,,,,,,,
,,P.,*#..≈≈≈≈≈P≈≈≈≈≈#*≈≈,,≈,,,,,,
,,,,**..≈≈PP≈≈≈≈≈≈≈≈**≈≈,≈,≈,,,*,


You could see a tyrant leech and a komodo dragon.

Vanquished Creatures
  A frost giant (IceCv)
  A minotaur (Lab)
  A hydra (Lair:5)
  A lindwurm (Lair:4)
  2 black mambas
  An ice statue (IceCv)
  7 spiny frogs
  A rime drake (Lair:5)
  A tyrant leech (Lair:6)
  11 polar bears
  3 hornets (D:9)
  The ghost of KristoblXynda the Chopper, an amateur DrGl (D:4)
  Prince Ribbit (D:5)
  7 blink frogs
  3 hippogriffs
  A wraith (D:10)
  24 yaks
  A tarantella (Lair:4)
  A basilisk (Lair:1)
  2 hungry ghosts
  Edmund (D:5)
  A soldier ant (D:9)
  6 porcupines
  8 water moccasins
  Duvessa (D:4)
  A sky beast (D:5)
  4 ice beasts
  4 orc warriors
  2 phantoms
  A necrophage (D:8)
  10 wolves
  10 ogres
  8 crocodiles
  A centaur (D:8)
  2 elf zombies
  A big kobold (D:10)
  13 bullfrogs
  A gnoll sergeant (D:7)
  Dowan (D:4)
  7 killer bees
  2 wights (D:8)
  8 crimson imps
  2 howler monkeys (D:9)
  A centaur zombie (Ossuary)
  4 orc priests
  2 bullfrog zombies (D:5)
  A centaur skeleton (D:9)
  3 hounds
  A jelly (D:5)
  8 orc wizards
  3 human zombies (Ossuary)
  Ijyb (D:2)
  3 human skeletons (D:7)
  2 iguanas
  8 worker ants
  A big kobold zombie (Ossuary)
  A hound zombie (D:5)
  2 mummies (Ossuary)
  A howler monkey zombie (D:6)
  10 gnolls
  13 adders
  2 hound simulacra (D:8)
  2 shadow imps
  2 ufetubi (D:8)
  2 adder skeletons
  3 adder zombies (Ossuary)
  3 worms
  3 dart slugs
  5 leopard geckos
  30 orcs
  12 bats
  11 giant cockroaches
  10 goblins
  3 hobgoblins
  3 jackals (D:3)
  13 kobolds
  6 quokkas
  2 ball pythons
  5 frilled lizards
  3 goblin zombies (Ossuary)
  4 hobgoblin zombies (Ossuary)
  A jackal zombie (D:6)
  5 kobold zombies (Ossuary)
  A leopard gecko skeleton (D:4)
  2 orc skeletons (D:7)
  14 orc zombies (Ossuary)
  A quokka skeleton (D:7)
  17 rats
396 creatures vanquished.

Vanquished Creatures (collateral kills)
  A hydra (Lair:1)
  A two-headed ogre (D:10)
  A death yak (D:9)
  Urug (Orc:1)
  An oklob plant (Lair:5)
  A salamander (Lair:1)
  An elephant (D:9)
  A torpor snail (Lair:5)
  3 spiny frogs
  2 komodo dragons
  A queen bee (D:9)
  A tyrant leech (Lair:2)
  A troll (Orc:1)
  9 polar bears
  3 blink frogs
  A slime creature (Lair:5)
  2 hippogriffs
  A basilisk (D:9)
  22 yaks
  A hungry ghost (D:8)
  A warg (Orc:1)
  6 water moccasins
  2 porcupines
  An orc warrior (Orc:1)
  3 black bears
  An ogre (D:7)
  9 wolves
  A centaur (D:8)
  2 crocodiles
  5 bullfrogs
  24 killer bees
  A wight (D:8)
  2 howler monkeys (D:9)
  3 jellies (Lair:5)
  An orc priest (D:10)
  An orc wizard (D:7)
  2 worker ants
  A killer bee zombie (D:7)
  2 gnolls (D:7)
  4 white imps (D:8)
  An ufetubus (D:8)
  A leopard gecko (D:7)
  3 orcs
  A giant cockroach (D:8)
  A hobgoblin zombie (Ossuary)
134 creatures vanquished.

Vanquished Creatures (others)
  2 plants
2 creatures vanquished.

Grand Total: 532 creatures vanquished

Notes
Turn   | Place    | Note
-------+----------+-------------------------------------------
     0 | D:1      | slumpy the Octopode Ice Elementalist began the quest for the Orb.
     0 | D:1      | Reached XP level 1. HP: 11/11 MP: 3/3
   192 | D:1      | Reached XP level 2. HP: 16/17 MP: 1/5
   393 | D:1      | Found a deep blue altar of Sif Muna.
   619 | D:1      | Reached XP level 3. HP: 21/21 MP: 3/6
   957 | D:2      | Noticed Ijyb
  1392 | D:1      | Learned a level 3 spell: Ozocubu's Armour
  1458 | D:1      | Learned a level 2 spell: Throw Frost
  1595 | D:2      | Killed Ijyb
  1595 | D:2      | Reached XP level 4. HP: 22/27 MP: 1/8
  2556 | D:3      | Noticed an ogre
  2574 | D:3      | Killed an ogre
  2574 | D:3      | Reached skill level 5 in Stealth
  2574 | D:3      | Reached skill level 3 in Spellcasting
  2574 | D:3      | Reached XP level 5. HP: 26/31 MP: 6/9
  2857 | D:3      | Reached XP level 6. HP: 10/36 MP: 3/10
  3095 | D:3      | Found a blossoming altar of Fedhas.
  3412 | D:3      | Found a snail-covered altar of Cheibriados.
  3422 | D:3      | Became a worshipper of Cheibriados the Contemplative
  3839 | D:4      | Found a radiant altar of Vehumet.
  3846 | D:4      | Reached skill level 1 in Invocations
  3890 | D:4      | Noticed KristoblXynda's ghost (amateur DrGl)
  3985 | D:5      | Entered Level 5 of the Dungeon
  4001 | D:5      | Reached XP level 7. HP: 36/42 MP: 5/12
  4121 | D:5      | Reached * piety under Cheibriados
  4121 | D:5      | Reached skill level 1 in Fighting
  4124 | D:5      | Gained mutation: You are partially covered in icy blue scales. (AC +2) [mutagenic meat]
  4126 | D:5      | Gained mutation: You are clumsy. (Dex -2) [mutagenic meat]
  4260 | D:5      | Reached skill level 4 in Spellcasting
  4275 | D:5      | Noticed Prince Ribbit
  4319 | D:5      | Reached skill level 11 in Spellcasting
  4319 | D:5      | Reached XP level 8. HP: 48/48 MP: 13/23
  4320 | D:5      | Reached XP level 9. HP: 63/63 MP: 13/24
  4322 | D:5      | Lost mutation: You are partially covered in icy blue scales. (AC +2) [potion of mutation]
  4322 | D:5      | Lost mutation: You are clumsy. (Dex -2) [potion of mutation]
  4322 | D:5      | Gained mutation: You are agile. (Dex +2) [potion of mutation]
  4322 | D:5      | Gained mutation: You possess an exceptional clarity of mind. [potion of mutation]
  4322 | D:5      | Gained mutation: You are surrounded by a mild repulsion field. (EV +2) [potion of mutation]
  4459 | D:5      | Noticed Edmund
  4475 | D:5      | Killed Edmund
  4490 | D:4      | Noticed Duvessa
  4490 | D:4      | Noticed Dowan
  4569 | D:5      | Learned a level 4 spell: Summon Ice Beast
  4578 | D:5      | Learned a level 4 spell: Throw Icicle
  4732 | D:5      | Killed Prince Ribbit
  4751 | D:5      | Reached XP level 10. HP: 62/69 MP: 22/25
  4822 | D:5      | Reached ** piety under Cheibriados
  5114 | D:4      | Killed KristoblXynda's ghost
  5173 | D:4      | Killed Duvessa
  5180 | D:4      | Killed Dowan
  5726 | D:6      | Found a shadowy altar of Dithmenos.
  5797 | D:6      | Reached *** piety under Cheibriados
  5804 | D:6      | Reached skill level 1 in Summonings
  5969 | D:6      | Found a staircase to the Ecumenical Temple.
  6315 | D:7      | Found an iron altar of Okawaru.
  6448 | D:7      | Reached skill level 1 in Staves
  6448 | D:7      | Reached skill level 12 in Spellcasting
  6494 | D:7      | Found a sand-covered staircase.
  6501 | Ossuary  | Entered an ossuary
  6553 | Ossuary  | Reached **** piety under Cheibriados
  6832 | D:7      | Reached ***** piety under Cheibriados
  6993 | D:7      | Noticed a moth of wrath
  6996 | D:7      | Found a bloodstained altar of Trog.
  7125 | D:7      | Found a stormy altar of Qazlal.
  8035 | D:8      | Reached XP level 11. HP: 42/75 MP: 21/27
  8303 | D:8      | Reached skill level 5 in Ice Magic
  8746 | D:7      | Reached ****** piety under Cheibriados
  8895 | D:9      | Noticed a death yak
  9069 | D:9      | Reached skill level 5 in Invocations
  9084 | D:9      | Found a staircase to the Lair.
  9322 | D:9      | Killed a death yak
  9738 | D:9      | Found a glowing silver altar of Zin.
  9739 | D:9      | Found an opulent altar of Gozag.
  9825 | D:10     | Entered Level 10 of the Dungeon
  9825 | D:10     | Found a staircase to the Orcish Mines.
  9845 | D:10     | Noticed a two-headed ogre
  9875 | D:10     | Learned a level 4 spell: Airstrike
  9881 | Orc:1    | Entered Level 1 of the Orcish Mines
  9884 | Orc:1    | Noticed Urug
  9896 | Orc:1    | Killed Urug
 10100 | Orc:2    | Entered Level 2 of the Orcish Mines
 10125 | Orc:2    | Noticed nht's ghost (journeyman TrFi)
 10208 | D:10     | Killed a two-headed ogre
 10576 | Lair:1   | Entered Level 1 of the Lair of Beasts
 10597 | Lair:1   | Reached XP level 12. HP: 81/81 MP: 16/28
 10608 | Lair:1   | Reached skill level 5 in Staves
 10753 | Lair:1   | Noticed a seven-headed hydra
 10773 | Lair:1   | Killed a seven-headed hydra
 10810 | Lair:1   | Reached skill level 1 in Air Magic
 11674 | Lair:2   | Learned a level 3 spell: Mephitic Cloud
 11915 | Lair:2   | Found a staircase to the Swamp.
 13157 | Lair:4   | Found a frozen archway.
 13161 | IceCv    | Entered an ice cave
 13399 | IceCv    | Noticed a frost giant
 13487 | IceCv    | Killed a frost giant
 13487 | IceCv    | Reached XP level 13. HP: 49/89 MP: 19/29
 14301 | Lair:4   | Found a hole to the Spider Nest.
 15158 | Lair:5   | Found a staircase to the Slime Pits.
 15222 | Lair:5   | Reached skill level 1 in Shields
 15800 | Slime:1  | Entered Level 1 of the Pits of Slime
 15800 | Slime:1  | Noticed an acid blob
 15819 | Lair:6   | Entered Level 6 of the Lair of Beasts
 15821 | Lair:6   | Noticed kidcy's ghost (journeyman FoFi)
 15846 | Lair:6   | Found a labyrinth entrance.
 15913 | Lab      | Entered a labyrinth
 16162 | Lab      | Noticed a minotaur
 16182 | Lab      | Killed a minotaur
 16208 | Lair:6   | Slain by a komodo dragon

Vault maps used:
D:1:      dpeg_arrival_tiny_h, minmay_hexomino_r4
D:2:      minmay_box_of_dots, uniq_iyjb
D:3:      wad_river_or_something, kennysheep_slug_shrine, first_bread,
          fedhas_altar_2
D:4:      vehumet_altar_wand_db, uniq_duvessa
D:5:      uniq_edmund, uniq_prince_ribbit1
D:6:      old_standard_altar, temple_fountains
D:7:      tgw_trog, overflow_temple_1_default, basic_altar,
          nicolae_ossuary_entry_catacombs
D:8:      serial_ice, serial_ice_k, serial_ice_d, serial_ice_o, serial_ice_h,
          serial_ice_b, serial_ice_c, serial_ice_f, serial_ice_n, serial_ice_e,
          serial_ice_g
D:9:      grunt_temple_overflow_gold_and_silver, david_lair_generic,
          hangedman_pestilent_swarm
D:10:     orc_0_dummy
Lair:1:   grunt_megastairs_4
Lair:2:   minmay_swamp_entry_worms
Lair:4:   spider_nest_entry_rubble, nicolae_volcano_entry_vermiform,
          portal_ice_cave_entry_pillars_1, grunt_megastairs_3
Lair:5:   minmay_slime_entry_pillars
Lair:6:   minmay_lair_end_frog_pond, lab_entry_generic
Orc:1:    uniq_urug
Orc:2:    grunt_orc_tribal_feast, serial_shops, shop_fountains
Lab:      labyrinth_mini_lab, nicolae_lab_very_dead_end,
          nicolae_lab_checkerboard, nicolae_lab_lava, lab_fountain,
          nicolae_lab_grate_2, lab_statue, nicolae_lab_t_cross
Ossuary:  ossuary_tomb_1
IceCv:    ice_cave_small_giant

Skill      XL: |  1  2  3  4  5  6  7  8  9 10 11 12 13 |
---------------+----------------------------------------+-----
Stealth        | 3 4 5 6 7 |  7.7
Dodging        | 3 4 7 8 9 |  9.7
Spellcasting   | 3 11 12 | 12.7
Invocations    | 1 2 4 6 7 8 |  8.8
Fighting       | 1 6 7 8 9 |  9.3
Ice Magic      | 4 5 6 |  6.3
Summonings     | 2 3 4 |  4.2
Staves         | 2 4 6 7 |  7.5
Air Magic      | 3 |  3.6
Shields        | 1 |  1.8
Short Blades   | |  0.2
Throwing       | |  0.2
Conjurations   | |  1.0

Action                   |  1- 3 |  4- 6 |  7- 9 | 10-12 | 13-15 || total
-------------------------+-------+-------+-------+-------+-------++-------
Melee: Whip              |    17 |    10 |       |       |       ||    27
       Tentacles         |     2 |    18 |    19 |   458 |   171 ||   668
       Constrict         |     2 |    23 |     9 |   164 |    32 ||   230
       Dagger            |       |    75 |    72 |   113 |       ||   260
       Staff             |       |       |       |   748 |   295 ||  1043
 Fire: Blowgun           |       |       |       |    38 |       ||    38
Throw: Javelin           |       |       |       |    18 |       ||    18
 Cast: Freeze            |    55 |    19 |    10 |     6 |       ||    90
       Ozocubu's Armour  |     4 |    14 |    11 |    87 |    25 ||   141
       Throw Frost       |       |    23 |    12 |    28 |     3 ||    66
       Summon Ice Beast  |       |       |     1 |   124 |    60 ||   185
       Throw Icicle      |       |       |       |     5 |     5 ||    10
Invok: Temporal Distorti |       |       |       |     1 |       ||     1
       Slouch            |       |       |       |       |     2 ||     2
Evoke: Wand              |       |       |       |     7 |       ||     7
       Lightning rod     |       |       |       |     3 |     1 ||     4
  Use: Scroll            |       |       |     4 |    22 |     4 ||    30
       Potion            |       |       |     3 |     1 |       ||     4
 Stab: Sleeping          |       |     8 |     3 |    38 |     7 ||    56
       Distracted        |       |       |       |    19 |     2 ||    21
  Eat: Chunk             |     2 |    12 |     4 |    18 |     5 ||    41
       Meat ration       |       |       |       |     1 |       ||     1
Armor: Skin              |    11 |    10 |    11 |   109 |    39 ||   180
Dodge: Dodged            |    36 |    61 |    71 |  1193 |   534 ||  1895
